[ AOE2 MATCH · #470970260 ]
UnrankedCelts vs Turks
[ REPLAY ANALYSIS · EXTRACTED FROM THE RECORDED GAME ]
Feudal
11:35
Castle
15:39
Imperial
40:08
| APM avg | 39.7 |
| APM peak | 83 |
| eAPM avg | 30.1 |
| Villagers / military | 185 / 86 |
Focus
⚔️ 28.3% · 🌾 71.7%
Spearman ×60 · Trade Cart ×33 · Woad Raider ×23 · Mangonel ×3
Feudal
10:59
Castle
14:36
Imperial
27:55
| APM avg | 31.2 |
| APM peak | 66 |
| eAPM avg | 20.0 |
| Villagers / military | 141 / 151 |
Focus
⚔️ 25.8% · 🌾 74.2%
Cavalry Archer ×73 · Scout Cavalry ×68 · Trade Cart ×50 · Bombard Cannon ×8 · Trebuchet (Packed) ×2
Feudal
11:10
Castle
15:42
Imperial
35:10
| APM avg | 38.8 |
| APM peak | 67 |
| eAPM avg | 22.4 |
| Villagers / military | 144 / 106 |
Focus
⚔️ 33.9% · 🌾 66.1%
Knight ×100 · Trade Cart ×25 · Mangonel ×3 · Bombard Cannon ×3
Feudal
11:48
Castle
15:20
Imperial
27:33
| APM avg | 47.2 |
| APM peak | 104 |
| eAPM avg | 20.3 |
| Villagers / military | 227 / 335 |
Focus
⚔️ 37.9% · 🌾 62.1%
Boyar ×333 · Trade Cart ×53 · Monk ×1 · Mangonel ×1
Feudal
9:44
Castle
13:15
Imperial
32:30
| APM avg | 51.3 |
| APM peak | 113 |
| eAPM avg | 30.4 |
| Villagers / military | 145 / 116 |
Focus
⚔️ 53.7% · 🌾 46.3%
Warrior Priest ×77 · Monk ×32 · Trade Cart ×30 · Trebuchet (Packed) ×4 · Mangonel ×2 · Unknown (1105) ×2
Feudal
11:22
Castle
14:53
Imperial
28:00
| APM avg | 37.1 |
| APM peak | 64 |
| eAPM avg | 22.2 |
| Villagers / military | 108 / 257 |
Focus
⚔️ 28.4% · 🌾 71.6%
Cataphract ×145 · Skirmisher ×97 · Fishing Ship ×58 · Trade Cart ×32 · Battering Ram ×6 · Trebuchet (Packed) ×4
Feudal
11:32
Castle
27:37
Imperial
33:40
| APM avg | 40.7 |
| APM peak | 84 |
| eAPM avg | 26.5 |
| Villagers / military | 144 / 134 |
Focus
⚔️ 19.5% · 🌾 80.5%
Spearman ×80 · Militia ×42 · Trebuchet (Packed) ×7 · Battering Ram ×3 · Mangonel ×2
Feudal
9:52
Castle
18:37
Imperial
25:23
| APM avg | 44.5 |
| APM peak | 88 |
| eAPM avg | 20.2 |
| Villagers / military | 64 / 123 |
Focus
⚔️ 41.2% · 🌾 58.8%
Hand Cannoneer ×108 · Fishing Ship ×36 · Bombard Cannon ×15 · Trade Cart ×2
Match map
Initial resources + every placement click. Lines = walls · curves = elevation contours. ◆ gold · ⬟ stone · ● berries · ✦ relic · ◌ wall gap
Your base· ✓ Closed at 15:39 · 28t walls · 2 gate(s)
Mununez's base· Open — opponent sealed themselves in
Granny Pumpkinz's base· Open — opponent sealed themselves in
hobbes's base· ✓ Closed at 15:20 · 0t walls · no gate
OS+ | Tiggerr's base· Open — opponent sealed themselves in
Mo_Tastic's base· ✓ Closed at 14:53 · 22t walls · no gate
InGodWeTrust's base· ✓ Closed at 27:37 · 7t walls · no gate
BalvinatoR's base· ✓ Closed at 18:37 · 30t walls · 1 gate(s)
Smoothed initial terrain · ◌ = detected wall gap · hover for details
Inputs per minute
— comastar - - Mununez
Build order — comastar
First 150 of 530 actions detected
| 0:01 | Queue | Villager (Male) |
| 0:01 | Queue | Villager (Male) |
| 0:02 | Build | House |
| 0:03 | Build | House |
| 0:12 | Queue | Villager (Male) |
| 0:17 | Queue | Villager (Male) |
| 1:31 | Queue | Villager (Male) |
| 1:43 | Build | Lumber Camp |
| 2:14 | Queue | Villager (Male) |
| 2:14 | Queue | Villager (Male) |
| 2:15 | Queue | Villager (Male) |
| 2:15 | Queue | Villager (Male) |
| 2:37 | Queue | Villager (Male) |
| 3:12 | Queue | Villager (Male) |
| 3:12 | Queue | Villager (Male) |
| 3:51 | Build | Palisade Wall |
| 3:53 | Queue | Villager (Male) |
| 3:53 | Queue | Villager (Male) |
| 3:55 | Build | Palisade Wall |
| 3:59 | Build | Palisade Wall |
| 4:06 | Build | Palisade Wall |
| 4:10 | Build | Palisade Wall |
| 4:18 | Queue | Villager (Male) |
| 4:18 | Queue | Villager (Male) |
| 4:25 | Build | Mill |
| 4:40 | Build | House |
| 4:43 | Queue | Villager (Male) |
| 4:44 | Queue | Villager (Male) |
| 4:44 | Queue | Villager (Male) |
| 4:53 | Build | Palisade Wall |
| 5:02 | Build | House |
| 5:36 | Queue | Villager (Male) |
| 5:36 | Queue | Villager (Male) |
| 5:36 | Queue | Villager (Male) |
| 5:37 | Queue | Villager (Male) |
| 5:45 | Build | Palisade Wall |
| 5:48 | Queue | Villager (Male) |
| 5:48 | Queue | Villager (Male) |
| 6:10 | Queue | Villager (Male) |
| 6:41 | Build | Mill |
| 7:35 | Queue | Villager (Male) |
| 7:39 | Queue | Villager (Male) |
| 8:07 | Build | Mining Camp |
| 8:19 | Queue | Villager (Male) |
| 8:42 | Build | House |
| 8:45 | Queue | Villager (Male) |
| 9:03 | Build | Mining Camp |
| 9:18 | Research | Feudal Age |
| 9:41 | Build | Farm |
| 9:55 | Queue | Villager (Male) |
| 10:10 | Build | Palisade Wall |
| 10:14 | Build | Palisade Wall |
| 10:20 | Queue | Villager (Male) |
| 10:32 | Research | Loom |
| 10:42 | Queue | Villager (Male) |
| 11:03 | Build | Mill |
| 11:14 | Build | Farm |
| 11:17 | Build | Farm |
| 11:30 | Queue | Villager (Male) |
| 11:35 | Age | Feudal Age |
| 11:40 | Build | Market |
| 11:43 | Build | Blacksmith |
| 12:12 | Build | Farm |
| 12:26 | Research | Loom |
| 12:59 | Research | Castle Age |
| 12:59 | Research | Castle Age |
| 13:40 | Build | Gate |
| 13:42 | Build | Stone Wall |
| 13:47 | Build | Stone Wall |
| 13:48 | Build | Gate |
| 14:35 | Queue | Villager (Male) |
| 15:16 | Queue | Villager (Male) |
| 15:32 | Research | Double-Bit Axe |
| 15:39 | Age | Castle Age |
| 15:42 | Build | Castle |
| 16:03 | Build | House |
| 16:04 | Build | House |
| 16:28 | Build | Farm |
| 16:29 | Build | Farm |
| 16:30 | Build | Farm |
| 16:31 | Queue | Villager (Male) |
| 16:36 | Queue | Woad Raider |
| 16:36 | Queue | Woad Raider |
| 16:46 | Build | Monastery |
| 16:54 | Build | Farm |
| 16:56 | Build | Farm |
| 17:00 | Build | Farm |
| 17:06 | Queue | Woad Raider |
| 17:06 | Queue | Woad Raider |
| 17:11 | Build | Farm |
| 17:22 | Queue | Villager (Male) |
| 17:23 | Queue | Woad Raider |
| 17:23 | Queue | Woad Raider |
| 17:51 | Queue | Woad Raider |
| 17:51 | Queue | Woad Raider |
| 18:08 | Queue | Villager (Male) |
| 18:30 | Queue | Villager (Male) |
| 18:38 | Build | Town Center |
| 18:44 | Build | Farm |
| 18:48 | Queue | Villager (Male) |
| 18:57 | Queue | Villager (Male) |
| 19:07 | Build | Farm |
| 19:34 | Queue | Villager (Male) |
| 19:43 | Build | Town Center |
| 19:44 | Queue | Villager (Male) |
| 19:51 | Queue | Villager (Male) |
| 19:51 | Queue | Villager (Male) |
| 19:51 | Queue | Villager (Male) |
| 20:01 | Build | Farm |
| 20:07 | Queue | Villager (Male) |
| 20:21 | Build | Outpost |
| 20:26 | Queue | Villager (Male) |
| 20:33 | Queue | Villager (Male) |
| 20:34 | Build | Farm |
| 20:36 | Build | Farm |
| 20:47 | Queue | Villager (Male) |
| 20:50 | Build | Farm |
| 21:02 | Build | Outpost |
| 21:04 | Research | Town Watch |
| 21:04 | Research | Town Watch |
| 21:05 | Queue | Villager (Male) |
| 21:16 | Queue | Villager (Male) |
| 21:20 | Queue | Villager (Male) |
| 21:20 | Queue | Villager (Male) |
| 21:33 | Queue | Villager (Male) |
| 21:34 | Queue | Villager (Male) |
| 21:45 | Build | Farm |
| 21:54 | Queue | Woad Raider |
| 21:54 | Queue | Woad Raider |
| 21:56 | Build | Farm |
| 21:57 | Build | Farm |
| 22:09 | Queue | Villager (Male) |
| 22:09 | Queue | Villager (Male) |
| 22:09 | Queue | Villager (Male) |
| 22:14 | Build | Farm |
| 22:18 | Build | Farm |
| 22:20 | Build | Farm |
| 22:24 | Build | Farm |
| 22:30 | Queue | Villager (Male) |
| 22:30 | Queue | Villager (Male) |
| 22:30 | Queue | Villager (Male) |
| 22:30 | Queue | Villager (Male) |
| 22:43 | Queue | Villager (Male) |
| 22:43 | Queue | Villager (Male) |
| 22:52 | Queue | Villager (Male) |
| 22:52 | Queue | Villager (Male) |
| 23:22 | Research | Devotion |
| 23:23 | Queue | Villager (Male) |
| 23:23 | Queue | Villager (Male) |
| 23:48 | Build | Castle |
Build order — Mununez
First 150 of 456 actions detected
| 0:00 | Queue | Villager (Male) |
| 0:01 | Queue | Villager (Male) |
| 0:01 | Queue | Villager (Male) |
| 0:02 | Build | House |
| 0:03 | Build | House |
| 0:21 | Queue | Villager (Male) |
| 1:30 | Queue | Villager (Male) |
| 1:59 | Queue | Villager (Male) |
| 2:20 | Queue | Villager (Male) |
| 2:36 | Build | Lumber Camp |
| 2:50 | Queue | Villager (Male) |
| 3:13 | Queue | Villager (Male) |
| 3:32 | Queue | Villager (Male) |
| 3:51 | Build | House |
| 4:04 | Queue | Villager (Male) |
| 4:20 | Build | Mill |
| 4:35 | Queue | Villager (Male) |
| 4:40 | Queue | Villager (Male) |
| 5:02 | Build | House |
| 5:18 | Build | House |
| 5:21 | Build | House |
| 5:23 | Build | Palisade Wall |
| 5:27 | Queue | Villager (Male) |
| 5:29 | Build | Palisade Wall |
| 5:31 | Build | Palisade Wall |
| 5:32 | Build | Palisade Wall |
| 5:50 | Queue | Villager (Male) |
| 6:07 | Queue | Villager (Male) |
| 6:29 | Queue | Villager (Male) |
| 6:49 | Build | Palisade Gate |
| 7:01 | Queue | Villager (Male) |
| 7:07 | Build | House |
| 7:26 | Queue | Villager (Male) |
| 7:40 | Build | Palisade Gate |
| 7:52 | Build | Palisade Gate |
| 7:58 | Build | Palisade Wall |
| 7:59 | Queue | Villager (Male) |
| 8:07 | Build | House |
| 8:16 | Queue | Villager (Male) |
| 8:18 | Research | Feudal Age |
| 8:29 | Build | Palisade Wall |
| 8:48 | Build | Mining Camp |
| 9:05 | Build | House |
| 10:42 | Queue | Villager (Male) |
| 10:42 | Queue | Villager (Male) |
| 10:59 | Age | Feudal Age |
| 11:04 | Build | Market |
| 11:09 | Build | Blacksmith |
| 11:56 | Research | Castle Age |
| 12:15 | Research | Double-Bit Axe |
| 12:23 | Research | Horse Collar |
| 13:16 | Build | Farm |
| 14:21 | Queue | Villager (Male) |
| 14:21 | Queue | Villager (Male) |
| 14:36 | Age | Castle Age |
| 14:39 | Build | Town Center |
| 14:47 | Build | Town Center |
| 14:48 | Research | Bow Saw |
| 15:07 | Queue | Villager (Male) |
| 15:32 | Queue | Villager (Male) |
| 15:42 | Build | Town Center |
| 15:56 | Research | Wheelbarrow |
| 15:59 | Queue | Villager (Male) |
| 16:20 | Queue | Villager (Male) |
| 16:24 | Build | Farm |
| 16:25 | Queue | Villager (Male) |
| 16:35 | Build | Farm |
| 16:44 | Queue | Villager (Male) |
| 16:45 | Queue | Villager (Male) |
| 16:51 | Build | Farm |
| 17:09 | Queue | Villager (Male) |
| 17:09 | Queue | Villager (Male) |
| 17:12 | Queue | Villager (Male) |
| 17:13 | Queue | Villager (Male) |
| 17:17 | Build | Farm |
| 17:18 | Build | Farm |
| 17:18 | Queue | Villager (Male) |
| 17:19 | Queue | Villager (Male) |
| 17:19 | Queue | Villager (Male) |
| 17:22 | Build | Farm |
| 17:23 | Build | Farm |
| 17:31 | Build | Farm |
| 17:34 | Build | Farm |
| 17:38 | Build | House |
| 17:48 | Queue | Villager (Male) |
| 17:57 | Build | Farm |
| 17:58 | Build | Farm |
| 17:59 | Build | Farm |
| 18:00 | Build | Farm |
| 18:05 | Queue | Villager (Male) |
| 18:16 | Queue | Villager (Male) |
| 18:17 | Queue | Villager (Male) |
| 18:27 | Build | Farm |
| 18:29 | Build | House |
| 18:29 | Queue | Villager (Male) |
| 18:33 | Build | Farm |
| 18:33 | Build | Farm |
| 18:36 | Build | Farm |
| 18:38 | Build | Farm |
| 18:40 | Queue | Villager (Male) |
| 18:48 | Queue | Villager (Male) |
| 18:53 | Build | Farm |
| 18:53 | Build | Farm |
| 18:54 | Build | Farm |
| 18:54 | Build | Farm |
| 18:55 | Queue | Villager (Male) |
| 18:55 | Queue | Villager (Male) |
| 18:58 | Build | Farm |
| 19:03 | Queue | Villager (Male) |
| 19:13 | Queue | Villager (Male) |
| 19:23 | Queue | Villager (Male) |
| 19:34 | Queue | Villager (Male) |
| 19:34 | Queue | Villager (Male) |
| 19:36 | Build | House |
| 19:38 | Build | Farm |
| 19:39 | Build | Farm |
| 19:41 | Queue | Villager (Male) |
| 19:41 | Queue | Villager (Male) |
| 19:44 | Build | House |
| 19:47 | Build | Farm |
| 19:48 | Build | Farm |
| 19:49 | Build | Farm |
| 19:54 | Queue | Villager (Male) |
| 20:06 | Queue | Villager (Male) |
| 20:06 | Queue | Villager (Male) |
| 20:07 | Queue | Villager (Male) |
| 20:10 | Build | House |
| 20:11 | Build | House |
| 20:11 | Queue | Villager (Male) |
| 20:16 | Build | Mining Camp |
| 20:21 | Build | Farm |
| 20:22 | Queue | Villager (Male) |
| 20:30 | Build | Monastery |
| 20:42 | Build | Farm |
| 20:46 | Build | Farm |
| 20:47 | Queue | Villager (Male) |
| 20:49 | Build | Farm |
| 20:52 | Build | Farm |
| 20:56 | Build | Farm |
| 20:58 | Queue | Villager (Male) |
| 20:58 | Queue | Villager (Male) |
| 20:59 | Queue | Villager (Male) |
| 21:06 | Queue | Villager (Male) |
| 21:08 | Build | Farm |
| 21:09 | Build | Farm |
| 21:19 | Research | Hand Cart |
| 21:19 | Queue | Villager (Male) |
| 21:22 | Build | House |
| 21:23 | Build | House |
| 21:24 | Queue | Villager (Male) |
Build order — Granny Pumpkinz
First 150 of 381 actions detected
| 0:01 | Queue | Villager (Male) |
| 0:02 | Build | House |
| 0:05 | Build | House |
| 0:06 | Queue | Villager (Male) |
| 0:06 | Queue | Villager (Male) |
| 0:06 | Queue | Villager (Male) |
| 0:41 | Research | Loom |
| 0:42 | Queue | Villager (Male) |
| 0:42 | Queue | Villager (Male) |
| 0:42 | Queue | Villager (Male) |
| 0:52 | Build | Palisade Wall |
| 1:24 | Build | Palisade Wall |
| 1:38 | Queue | Villager (Male) |
| 1:38 | Queue | Villager (Male) |
| 2:21 | Build | Palisade Wall |
| 2:22 | Build | Palisade Wall |
| 2:28 | Queue | Villager (Male) |
| 2:53 | Build | Palisade Wall |
| 2:55 | Queue | Villager (Male) |
| 3:21 | Queue | Villager (Male) |
| 3:22 | Queue | Villager (Male) |
| 3:35 | Queue | Villager (Male) |
| 3:53 | Build | Palisade Wall |
| 4:04 | Queue | Villager (Male) |
| 4:13 | Build | Palisade Wall |
| 4:15 | Build | Palisade Wall |
| 4:26 | Build | House |
| 4:37 | Queue | Villager (Male) |
| 5:04 | Queue | Villager (Male) |
| 5:11 | Build | Lumber Camp |
| 5:30 | Queue | Villager (Male) |
| 5:54 | Queue | Villager (Male) |
| 5:54 | Queue | Villager (Male) |
| 6:24 | Queue | Villager (Male) |
| 6:26 | Queue | Villager (Male) |
| 6:48 | Build | House |
| 7:19 | Build | Mill |
| 7:27 | Queue | Villager (Male) |
| 7:29 | Queue | Villager (Male) |
| 8:20 | Queue | Villager (Male) |
| 8:28 | Build | House |
| 8:39 | Build | Mining Camp |
| 9:00 | Research | Feudal Age |
| 10:12 | Queue | Villager (Male) |
| 11:09 | Queue | Villager (Male) |
| 11:10 | Age | Feudal Age |
| 11:13 | Build | Market |
| 12:02 | Build | Stone Wall |
| 12:04 | Build | Stone Wall |
| 12:05 | Build | Stone Wall |
| 12:07 | Build | Stone Wall |
| 12:11 | Queue | Villager (Male) |
| 12:13 | Build | Blacksmith |
| 12:20 | Build | Stone Wall |
| 12:29 | Build | Stone Wall |
| 12:35 | Research | Double-Bit Axe |
| 12:37 | Queue | Villager (Male) |
| 12:59 | Research | Castle Age |
| 13:26 | Research | Horse Collar |
| 13:56 | Build | Stone Wall |
| 14:07 | Build | Watch Tower |
| 14:25 | Queue | Villager (Male) |
| 14:30 | Build | Stone Wall |
| 14:34 | Build | Stone Wall |
| 14:40 | Build | Outpost |
| 14:59 | Build | Stone Wall |
| 15:09 | Build | Farm |
| 15:10 | Build | Farm |
| 15:14 | Queue | Villager (Male) |
| 15:25 | Build | House |
| 15:42 | Age | Castle Age |
| 15:49 | Queue | Villager (Male) |
| 16:01 | Build | House |
| 16:30 | Build | Siege Workshop |
| 16:47 | Build | Stone Wall |
| 16:53 | Build | Stone Wall |
| 17:02 | Build | Stone Wall |
| 17:07 | Build | Stone Wall |
| 17:26 | Queue | Mangonel |
| 17:29 | Build | Stone Wall |
| 17:35 | Queue | Villager (Male) |
| 17:36 | Queue | Villager (Male) |
| 17:48 | Build | Stone Wall |
| 18:25 | Build | Stone Wall |
| 18:31 | Queue | Villager (Male) |
| 18:33 | Queue | Villager (Male) |
| 18:55 | Build | Stone Wall |
| 18:58 | Build | Stone Wall |
| 19:04 | Queue | Villager (Male) |
| 19:11 | Build | Town Center |
| 19:42 | Queue | Mangonel |
| 19:54 | Queue | Villager (Male) |
| 19:57 | Build | Farm |
| 20:17 | Build | Outpost |
| 20:23 | Research | Town Watch |
| 20:28 | Queue | Villager (Male) |
| 20:38 | Queue | Villager (Male) |
| 20:40 | Build | Farm |
| 20:42 | Build | Farm |
| 20:51 | Build | Farm |
| 20:56 | Build | Farm |
| 21:00 | Build | Farm |
| 21:02 | Build | Farm |
| 21:06 | Queue | Villager (Male) |
| 21:06 | Queue | Villager (Male) |
| 21:27 | Queue | Villager (Male) |
| 21:34 | Build | Stone Wall |
| 21:43 | Queue | Villager (Male) |
| 21:43 | Queue | Villager (Male) |
| 21:48 | Build | Farm |
| 21:49 | Build | Farm |
| 21:49 | Build | Farm |
| 21:50 | Build | Farm |
| 21:54 | Queue | Villager (Male) ×2 |
| 22:18 | Queue | Villager (Male) |
| 22:22 | Build | Palisade Gate |
| 22:23 | Queue | Villager (Male) |
| 22:25 | Build | Farm |
| 22:26 | Build | Farm |
| 22:30 | Build | Farm |
| 22:31 | Build | Farm |
| 22:33 | Queue | Villager (Male) |
| 22:49 | Build | Town Center |
| 22:50 | Queue | Villager (Male) |
| 23:12 | Build | Mining Camp |
| 23:15 | Build | House |
| 23:16 | Queue | Villager (Male) |
| 23:20 | Queue | Villager (Male) |
| 23:23 | Build | Farm |
| 23:24 | Queue | Villager (Male) |
| 23:58 | Build | Palisade Wall |
| 24:39 | Queue | Villager (Male) |
| 24:40 | Build | Stone Wall |
| 24:54 | Queue | Villager (Male) |
| 24:58 | Queue | Villager (Male) |
| 25:04 | Build | Town Center |
| 25:05 | Queue | Villager (Male) |
| 25:08 | Build | Stone Wall |
| 25:17 | Queue | Villager (Male) ×3 |
| 25:27 | Build | Stone Wall |
| 25:30 | Build | Stone Wall |
| 25:39 | Build | Stone Wall |
| 25:47 | Build | House |
| 25:47 | Build | House |
| 25:54 | Build | Stone Wall |
| 25:55 | Queue | Villager (Male) |
| 25:57 | Research | Wheelbarrow |
| 26:03 | Build | Stone Wall |
| 26:06 | Build | Stone Wall |
| 26:14 | Build | Mill |
Build order — hobbes
First 150 of 557 actions detected
| 0:02 | Queue | Villager (Male) |
| 0:03 | Queue | Villager (Male) |
| 0:05 | Build | House |
| 0:06 | Build | House |
| 0:11 | Queue | Villager (Male) |
| 0:23 | Queue | Villager (Male) |
| 1:35 | Queue | Villager (Male) |
| 2:04 | Queue | Villager (Male) |
| 2:13 | Build | Lumber Camp |
| 2:21 | Queue | Villager (Male) |
| 2:57 | Queue | Villager (Male) |
| 2:58 | Queue | Villager (Male) |
| 3:12 | Queue | Villager (Male) |
| 3:43 | Queue | Villager (Male) |
| 3:51 | Build | House |
| 4:06 | Queue | Villager (Male) |
| 4:06 | Queue | Villager (Male) |
| 4:07 | Queue | Villager (Male) |
| 4:22 | Build | Mill |
| 4:26 | Queue | Villager (Male) |
| 4:26 | Queue | Villager (Male) |
| 4:27 | Queue | Villager (Male) |
| 4:44 | Queue | Villager (Male) |
| 4:44 | Queue | Villager (Male) |
| 4:44 | Queue | Villager (Male) |
| 5:18 | Research | Loom |
| 5:24 | Queue | Villager (Male) |
| 5:24 | Queue | Villager (Male) |
| 5:25 | Queue | Villager (Male) |
| 5:42 | Queue | Villager (Male) |
| 6:02 | Queue | Villager (Male) |
| 6:26 | Build | House |
| 6:27 | Build | House |
| 6:43 | Queue | Villager (Male) |
| 7:15 | Queue | Villager (Male) |
| 7:28 | Queue | Villager (Male) |
| 7:44 | Queue | Villager (Male) |
| 9:09 | Queue | Villager (Male) |
| 9:15 | Research | Feudal Age |
| 9:16 | Build | Mining Camp |
| 9:33 | Queue | Villager (Male) |
| 9:33 | Queue | Villager (Male) |
| 10:39 | Queue | Villager (Male) |
| 10:39 | Queue | Villager (Male) |
| 11:48 | Age | Feudal Age |
| 11:49 | Build | Market |
| 11:54 | Build | Blacksmith |
| 12:32 | Build | Lumber Camp |
| 12:39 | Research | Double-Bit Axe |
| 12:40 | Research | Castle Age |
| 12:40 | Research | Castle Age |
| 12:40 | Research | Castle Age |
| 12:57 | Research | Horse Collar |
| 12:58 | Research | Horse Collar |
| 12:58 | Research | Horse Collar |
| 13:46 | Build | House |
| 14:08 | Build | Farm |
| 14:11 | Build | Farm |
| 14:16 | Build | Farm |
| 14:58 | Build | Farm |
| 15:20 | Age | Castle Age |
| 15:21 | Build | Town Center |
| 15:27 | Build | Town Center |
| 15:31 | Research | Bow Saw |
| 15:32 | Queue | Villager (Male) |
| 15:36 | Queue | Villager (Male) |
| 15:36 | Queue | Villager (Male) |
| 15:45 | Queue | Villager (Male) |
| 16:00 | Queue | Villager (Male) |
| 16:29 | Build | Town Center |
| 16:39 | Queue | Villager (Male) |
| 16:39 | Queue | Villager (Male) |
| 16:48 | Build | Farm |
| 16:51 | Queue | Villager (Male) ×5 |
| 16:55 | Queue | Villager (Male) ×4 |
| 16:59 | Build | Farm |
| 17:06 | Queue | Villager (Male) |
| 17:06 | Queue | Villager (Male) |
| 17:06 | Queue | Villager (Male) |
| 17:16 | Build | House |
| 17:19 | Build | Farm |
| 17:23 | Build | Farm |
| 17:28 | Build | Farm |
| 17:30 | Queue | Villager (Male) ×2 |
| 17:30 | Queue | Villager (Male) ×3 |
| 17:30 | Queue | Villager (Male) ×3 |
| 17:31 | Queue | Villager (Male) |
| 17:59 | Queue | Villager (Male) |
| 18:06 | Build | Farm |
| 18:06 | Build | Farm |
| 18:09 | Build | Farm |
| 18:09 | Build | Farm |
| 18:10 | Queue | Villager (Male) |
| 18:11 | Queue | Villager (Male) |
| 18:11 | Queue | Villager (Male) |
| 18:22 | Build | Farm |
| 18:27 | Queue | Villager (Male) |
| 18:30 | Build | House |
| 18:31 | Build | House |
| 18:32 | Build | House |
| 18:40 | Build | Stone Wall |
| 18:45 | Build | Stone Wall |
| 18:46 | Queue | Villager (Male) |
| 18:50 | Queue | Villager (Male) |
| 18:51 | Queue | Villager (Male) |
| 18:51 | Queue | Villager (Male) |
| 18:51 | Queue | Villager (Male) |
| 18:54 | Queue | Villager (Male) ×2 |
| 18:55 | Build | Farm |
| 18:57 | Build | Farm |
| 19:05 | Build | Farm |
| 19:06 | Build | Farm |
| 19:07 | Queue | Villager (Male) |
| 19:10 | Queue | Villager (Male) |
| 19:10 | Queue | Villager (Male) |
| 19:10 | Queue | Villager (Male) |
| 19:22 | Build | Gate |
| 19:24 | Queue | Villager (Male) |
| 19:27 | Build | Farm |
| 19:30 | Queue | Villager (Male) |
| 19:30 | Queue | Villager (Male) |
| 19:30 | Queue | Villager (Male) |
| 19:31 | Queue | Villager (Male) |
| 19:39 | Build | Farm |
| 19:41 | Build | Farm |
| 19:43 | Build | Farm |
| 19:44 | Queue | Villager (Male) |
| 19:45 | Queue | Villager (Male) |
| 19:45 | Queue | Villager (Male) |
| 19:47 | Build | Farm |
| 19:54 | Build | Farm |
| 19:55 | Queue | Villager (Male) |
| 19:55 | Queue | Villager (Male) |
| 19:55 | Queue | Villager (Male) |
| 20:03 | Queue | Villager (Male) |
| 20:04 | Queue | Villager (Male) |
| 20:04 | Queue | Villager (Male) |
| 20:09 | Queue | Villager (Male) |
| 20:09 | Queue | Villager (Male) |
| 20:09 | Queue | Villager (Male) |
| 20:14 | Queue | Villager (Male) ×2 |
| 20:14 | Queue | Villager (Male) ×2 |
| 20:15 | Queue | Villager (Male) ×2 |
| 20:20 | Build | Farm |
| 20:23 | Queue | Villager (Male) |
| 20:23 | Queue | Villager (Male) |
| 20:23 | Queue | Villager (Male) |
| 20:25 | Build | Farm |
| 20:28 | Build | House |
| 20:30 | Build | House |
Build order — OS+ | Tiggerr
First 150 of 434 actions detected
| 0:01 | Queue | Villager (Male) |
| 0:01 | Queue | Villager (Male) |
| 0:01 | Queue | Villager (Male) |
| 0:02 | Build | House |
| 0:03 | Build | House |
| 0:06 | Queue | Villager (Male) |
| 1:37 | Queue | Villager (Male) |
| 1:59 | Queue | Villager (Male) |
| 2:01 | Queue | Villager (Male) |
| 2:26 | Build | Mule Cart |
| 2:41 | Build | House |
| 2:51 | Queue | Villager (Male) |
| 3:10 | Queue | Villager (Male) |
| 3:30 | Queue | Villager (Male) |
| 3:58 | Build | Palisade Wall |
| 4:03 | Queue | Villager (Male) |
| 4:08 | Build | Palisade Wall |
| 4:17 | Queue | Villager (Male) |
| 4:38 | Queue | Villager (Male) |
| 4:52 | Queue | Villager (Male) |
| 5:43 | Queue | Villager (Male) |
| 5:56 | Build | House |
| 5:58 | Build | Mill |
| 6:06 | Queue | Villager (Male) |
| 6:20 | Queue | Villager (Male) |
| 6:39 | Queue | Villager (Male) |
| 7:26 | Build | Mule Cart |
| 7:34 | Research | Feudal Age |
| 9:35 | Queue | Villager (Male) |
| 9:44 | Age | Feudal Age |
| 9:45 | Queue | Villager (Male) |
| 9:48 | Build | Market |
| 9:51 | Build | Blacksmith |
| 10:35 | Research | Castle Age |
| 10:50 | Research | Double-Bit Axe |
| 12:02 | Research | Gold Mining |
| 12:38 | Build | House |
| 13:15 | Age | Castle Age |
| 13:17 | Queue | Villager (Male) |
| 13:19 | Build | Town Center |
| 13:30 | Build | Monastery |
| 13:34 | Research | Bow Saw |
| 13:35 | Queue | Villager (Male) |
| 13:56 | Build | Monastery |
| 14:04 | Queue | Villager (Male) |
| 14:24 | Queue | Villager (Male) |
| 14:34 | Queue | Villager (Male) |
| 14:45 | Queue | Monk |
| 14:50 | Build | Siege Workshop |
| 14:51 | Queue | Villager (Male) |
| 14:55 | Build | Farm |
| 15:15 | Queue | Villager (Male) |
| 15:20 | Build | Farm |
| 15:33 | Build | Farm |
| 15:42 | Queue | Monk |
| 15:43 | Queue | Villager (Male) |
| 15:58 | Queue | Mangonel |
| 16:08 | Queue | Villager (Male) |
| 16:13 | Build | House |
| 16:16 | Research | Loom |
| 16:21 | Research | Town Watch |
| 16:24 | Build | House |
| 16:33 | Queue | Villager (Male) |
| 16:53 | Queue | Villager (Male) |
| 17:01 | Research | Redemption |
| 17:21 | Queue | Villager (Male) |
| 17:24 | Build | Farm |
| 17:25 | Build | Farm |
| 17:25 | Build | Farm |
| 17:25 | Build | Farm |
| 17:25 | Build | Farm |
| 17:44 | Build | Palisade Gate |
| 17:49 | Queue | Monk |
| 18:07 | Queue | Villager (Male) |
| 18:14 | Queue | Villager (Male) |
| 18:15 | Queue | Villager (Male) |
| 18:35 | Build | Mule Cart |
| 18:42 | Build | Palisade Wall |
| 18:50 | Build | Monastery |
| 18:52 | Queue | Villager (Male) |
| 18:54 | Queue | Villager (Male) |
| 18:58 | Queue | Villager (Male) |
| 19:10 | Queue | Monk |
| 19:23 | Queue | Villager (Male) |
| 19:25 | Build | Farm |
| 19:28 | Build | Farm |
| 19:29 | Build | Farm |
| 19:36 | Queue | Villager (Male) |
| 19:40 | Queue | Monk |
| 19:40 | Queue | Monk |
| 19:41 | Build | House |
| 19:42 | Queue | Villager (Male) |
| 19:53 | Build | Town Center |
| 20:09 | Queue | Monk |
| 20:22 | Queue | Scorpion |
| 20:24 | Queue | Villager (Male) |
| 20:25 | Queue | Villager (Male) |
| 20:30 | Build | Monastery |
| 20:31 | Queue | Villager (Male) |
| 20:33 | Build | House |
| 20:40 | Build | House |
| 20:44 | Research | Wheelbarrow |
| 20:48 | Research | Fervor |
| 20:57 | Queue | Villager (Male) |
| 20:59 | Build | Farm |
| 21:00 | Build | Farm |
| 21:00 | Build | Farm |
| 21:04 | Research | Horse Collar |
| 21:06 | Queue | Villager (Male) |
| 21:10 | Queue | Monk |
| 21:30 | Queue | Villager (Male) |
| 21:36 | Queue | Warrior Priest |
| 21:37 | Queue | Warrior Priest |
| 21:56 | Queue | Warrior Priest |
| 21:57 | Queue | Villager (Male) |
| 22:01 | Build | Monastery |
| 22:13 | Build | Farm |
| 22:14 | Queue | Villager (Male) |
| 22:20 | Build | Farm |
| 22:22 | Build | Farm |
| 22:23 | Build | Farm |
| 22:26 | Build | Farm |
| 22:26 | Build | Farm |
| 22:26 | Build | Farm |
| 22:30 | Build | Farm |
| 22:30 | Build | Farm |
| 22:31 | Build | Farm |
| 22:42 | Build | Monastery |
| 22:59 | Queue | Villager (Male) |
| 23:01 | Queue | Warrior Priest |
| 23:01 | Queue | Warrior Priest |
| 23:02 | Queue | Warrior Priest |
| 23:04 | Queue | Villager (Male) |
| 23:07 | Build | House |
| 23:09 | Build | House |
| 23:09 | Build | House |
| 23:10 | Build | House |
| 23:24 | Build | Palisade Gate |
| 23:36 | Queue | Warrior Priest |
| 23:36 | Queue | Warrior Priest |
| 23:37 | Queue | Warrior Priest |
| 23:37 | Queue | Villager (Male) |
| 23:38 | Queue | Villager (Male) |
| 23:38 | Queue | Villager (Male) |
| 23:42 | Build | Farm |
| 23:44 | Build | Farm |
| 23:45 | Build | Mill |
| 23:46 | Build | Farm |
| 23:46 | Build | Farm |
| 23:46 | Build | Farm |
Build order — Mo_Tastic
First 150 of 476 actions detected
| 0:00 | Queue | Villager (Male) |
| 0:01 | Queue | Villager (Male) |
| 0:01 | Queue | Villager (Male) |
| 0:03 | Build | House |
| 0:04 | Build | House |
| 0:33 | Queue | Villager (Male) |
| 1:24 | Queue | Villager (Male) |
| 1:44 | Build | Lumber Camp |
| 1:59 | Queue | Villager (Male) |
| 2:16 | Queue | Villager (Male) |
| 2:45 | Queue | Villager (Male) |
| 3:10 | Queue | Villager (Male) |
| 3:34 | Queue | Villager (Male) |
| 3:50 | Build | House |
| 3:56 | Queue | Villager (Male) |
| 4:02 | Queue | Villager (Male) |
| 4:45 | Queue | Villager (Male) |
| 4:45 | Queue | Villager (Male) |
| 5:25 | Build | Dock |
| 5:48 | Queue | Villager (Male) |
| 5:48 | Queue | Villager (Male) |
| 5:59 | Queue | Villager (Male) |
| 6:07 | Build | House |
| 6:09 | Build | House |
| 6:21 | Build | Palisade Wall |
| 6:27 | Build | Palisade Wall |
| 6:32 | Build | Palisade Wall |
| 6:35 | Build | Palisade Wall |
| 6:43 | Queue | Villager (Male) |
| 6:44 | Queue | Villager (Male) |
| 6:44 | Queue | Villager (Male) |
| 6:44 | Queue | Villager (Male) |
| 7:09 | Queue | Villager (Male) |
| 7:13 | Build | Mill |
| 7:36 | Build | House |
| 7:37 | Queue | Fishing Ship |
| 7:39 | Queue | Villager (Male) |
| 8:03 | Build | Mining Camp |
| 8:31 | Queue | Fishing Ship |
| 9:12 | Research | Feudal Age |
| 9:20 | Queue | Fishing Ship |
| 9:48 | Queue | Villager (Male) |
| 10:24 | Queue | Fishing Ship |
| 10:59 | Queue | Villager (Male) |
| 11:13 | Queue | Villager (Male) |
| 11:22 | Age | Feudal Age |
| 11:23 | Build | Market |
| 11:25 | Build | Blacksmith |
| 11:45 | Build | Stone Wall |
| 11:50 | Build | Stone Wall |
| 12:13 | Research | Castle Age |
| 12:34 | Research | Double-Bit Axe |
| 12:36 | Queue | Fishing Ship |
| 12:36 | Queue | Fishing Ship |
| 12:47 | Build | House |
| 13:51 | Queue | Villager (Male) |
| 14:09 | Queue | Fishing Ship |
| 14:12 | Build | Fish Trap |
| 14:16 | Build | Fish Trap |
| 14:22 | Queue | Fishing Ship |
| 14:53 | Age | Castle Age |
| 14:54 | Build | Town Center |
| 15:00 | Research | Bow Saw |
| 15:18 | Queue | Villager (Male) |
| 15:33 | Queue | Fishing Ship |
| 15:39 | Build | House |
| 15:40 | Build | House |
| 15:45 | Queue | Villager (Male) |
| 15:53 | Queue | Fishing Ship |
| 16:04 | Queue | Villager (Male) |
| 16:06 | Build | Town Center |
| 16:35 | Queue | Villager (Male) |
| 16:38 | Queue | Villager (Male) |
| 16:39 | Queue | Villager (Male) |
| 16:51 | Build | Outpost |
| 16:53 | Build | Outpost |
| 16:59 | Queue | Villager (Male) |
| 17:01 | Queue | Fishing Ship |
| 17:05 | Build | Dock |
| 17:08 | Build | Fish Trap |
| 17:12 | Research | Tech 906 |
| 17:15 | Build | Fish Trap |
| 17:26 | Queue | Villager (Male) |
| 17:30 | Queue | Villager (Male) |
| 17:31 | Queue | Villager (Male) |
| 17:36 | Queue | Villager (Male) |
| 17:42 | Build | Fish Trap |
| 17:45 | Build | Fish Trap |
| 17:46 | Queue | Fishing Ship |
| 17:46 | Queue | Fishing Ship |
| 17:49 | Build | House |
| 17:49 | Build | House |
| 17:51 | Queue | Villager (Male) |
| 18:07 | Queue | Fishing Ship |
| 18:08 | Queue | Fishing Ship |
| 18:15 | Queue | Villager (Male) |
| 18:15 | Queue | Villager (Male) |
| 18:16 | Queue | Villager (Male) |
| 18:25 | Build | Dock |
| 18:32 | Build | Fish Trap |
| 18:34 | Queue | Villager (Male) |
| 18:44 | Queue | Villager (Male) |
| 18:52 | Queue | Villager (Male) |
| 19:04 | Queue | Villager (Male) |
| 19:08 | Research | Gillnets |
| 19:08 | Queue | Villager (Male) |
| 19:15 | Queue | Villager (Male) |
| 19:16 | Queue | Villager (Male) |
| 19:18 | Queue | Fishing Ship |
| 19:18 | Queue | Fishing Ship |
| 19:22 | Build | Fish Trap |
| 19:25 | Build | Fish Trap |
| 19:29 | Build | Dock |
| 19:35 | Build | Dock |
| 19:36 | Queue | Fishing Ship |
| 19:39 | Queue | Fishing Ship |
| 19:40 | Queue | Villager (Male) |
| 19:56 | Build | Fish Trap |
| 20:00 | Build | Fish Trap |
| 20:03 | Build | Fish Trap |
| 20:04 | Queue | Villager (Male) |
| 20:06 | Queue | Villager (Male) |
| 20:09 | Build | House |
| 20:10 | Build | House |
| 20:11 | Build | House |
| 20:12 | Build | House |
| 20:15 | Queue | Fishing Ship |
| 20:17 | Build | Fish Trap |
| 20:20 | Build | Fish Trap |
| 20:24 | Queue | Villager (Male) |
| 20:24 | Queue | Villager (Male) |
| 20:26 | Build | Fish Trap |
| 20:33 | Build | Dock |
| 20:34 | Queue | Villager (Male) |
| 20:37 | Queue | Villager (Male) |
| 20:40 | Queue | Villager (Male) |
| 20:45 | Build | Fish Trap |
| 20:49 | Queue | Villager (Male) |
| 21:07 | Queue | Villager (Male) |
| 21:18 | Queue | Villager (Male) |
| 21:19 | Queue | Fishing Ship |
| 21:20 | Queue | Fishing Ship |
| 21:20 | Queue | Fishing Ship |
| 21:23 | Build | Fish Trap |
| 21:24 | Queue | Fishing Ship |
| 21:25 | Queue | Fishing Ship |
| 21:29 | Build | Fish Trap |
| 21:32 | Build | Fish Trap |
| 21:35 | Build | Fish Trap |
| 21:36 | Queue | Villager (Male) |
Build order — InGodWeTrust
First 150 of 350 actions detected
| 0:01 | Queue | Villager (Male) |
| 0:01 | Queue | Villager (Male) |
| 0:02 | Build | House |
| 0:03 | Build | House |
| 0:23 | Research | Loom |
| 0:34 | Queue | Villager (Male) |
| 0:35 | Queue | Villager (Male) |
| 0:35 | Queue | Villager (Male) |
| 1:19 | Build | Palisade Wall |
| 1:45 | Build | Lumber Camp |
| 1:51 | Queue | Villager (Male) |
| 2:34 | Queue | Villager (Male) |
| 2:57 | Queue | Villager (Male) |
| 3:20 | Queue | Villager (Male) |
| 3:53 | Queue | Villager (Male) |
| 4:21 | Queue | Villager (Male) |
| 4:32 | Build | House |
| 4:40 | Queue | Villager (Male) |
| 4:40 | Queue | Villager (Male) |
| 4:50 | Queue | Villager (Male) |
| 5:12 | Queue | Villager (Male) |
| 5:29 | Queue | Villager (Male) |
| 5:29 | Queue | Villager (Male) |
| 5:29 | Queue | Villager (Male) |
| 5:30 | Queue | Villager (Male) |
| 5:57 | Queue | Villager (Male) |
| 6:08 | Build | Mill |
| 6:30 | Queue | Villager (Male) |
| 6:34 | Queue | Villager (Male) |
| 6:47 | Build | House |
| 7:12 | Build | Lumber Camp |
| 7:32 | Queue | Villager (Male) |
| 8:16 | Build | House |
| 8:39 | Queue | Villager (Male) |
| 8:57 | Build | Barracks |
| 9:05 | Build | Barracks |
| 9:16 | Research | Feudal Age |
| 9:22 | Build | Mining Camp |
| 10:07 | Queue | Militia |
| 10:07 | Queue | Militia |
| 10:31 | Queue | Militia |
| 10:32 | Queue | Militia |
| 11:05 | Queue | Militia |
| 11:32 | Age | Feudal Age |
| 11:33 | Build | Blacksmith |
| 11:34 | Queue | Villager (Male) |
| 11:36 | Queue | Villager (Male) |
| 11:46 | Queue | Militia |
| 12:09 | Build | Siege Workshop |
| 12:12 | Queue | Villager (Male) |
| 12:14 | Queue | Villager (Male) |
| 12:18 | Research | Man-at-Arms (upgrade) |
| 12:24 | Build | Lumber Camp |
| 12:45 | Queue | Battering Ram |
| 12:51 | Queue | Villager (Male) |
| 12:55 | Research | Double-Bit Axe |
| 13:01 | Queue | Villager (Male) |
| 13:32 | Queue | Battering Ram |
| 13:34 | Queue | Militia |
| 13:38 | Queue | Villager (Male) |
| 13:38 | Queue | Villager (Male) |
| 14:15 | Build | Town Center |
| 14:29 | Queue | Battering Ram |
| 14:34 | Build | House |
| 14:45 | Build | Farm |
| 14:47 | Queue | Villager (Male) |
| 15:03 | Build | Farm |
| 15:05 | Build | Farm |
| 15:08 | Build | Farm |
| 15:54 | Queue | Villager (Male) |
| 15:55 | Queue | Villager (Male) |
| 16:31 | Queue | Militia |
| 16:31 | Queue | Militia |
| 16:35 | Build | House |
| 17:35 | Queue | Villager (Male) |
| 17:35 | Queue | Villager (Male) |
| 17:35 | Queue | Villager (Male) |
| 17:38 | Build | Farm |
| 17:39 | Build | Farm |
| 17:41 | Build | Farm |
| 18:23 | Queue | Villager (Male) |
| 18:23 | Queue | Villager (Male) |
| 18:27 | Build | Farm |
| 18:42 | Build | House |
| 18:48 | Build | Farm |
| 18:50 | Build | Farm |
| 18:54 | Queue | Villager (Male) |
| 18:54 | Queue | Villager (Male) |
| 18:59 | Build | House |
| 19:09 | Queue | Villager (Male) |
| 19:14 | Queue | Villager (Male) |
| 19:14 | Queue | Villager (Male) |
| 19:17 | Build | House |
| 19:23 | Build | Farm |
| 19:24 | Build | Farm |
| 19:24 | Build | Farm |
| 19:25 | Build | Farm |
| 19:26 | Build | Farm |
| 19:27 | Build | Farm |
| 19:31 | Build | Lumber Camp |
| 19:32 | Build | Lumber Camp |
| 19:38 | Queue | Villager (Male) |
| 19:38 | Queue | Villager (Male) |
| 19:40 | Queue | Villager (Male) |
| 19:40 | Queue | Villager (Male) |
| 19:49 | Build | Farm |
| 19:58 | Research | Horse Collar |
| 19:59 | Queue | Villager (Male) |
| 20:08 | Build | Farm |
| 20:09 | Build | Farm |
| 20:10 | Build | Farm |
| 20:11 | Build | Farm |
| 20:12 | Build | Farm |
| 20:13 | Build | Farm |
| 20:14 | Queue | Villager (Male) |
| 20:15 | Queue | Villager (Male) |
| 20:23 | Build | House |
| 20:29 | Queue | Villager (Male) |
| 20:36 | Queue | Villager (Male) |
| 20:37 | Queue | Villager (Male) |
| 20:40 | Queue | Villager (Male) |
| 20:41 | Queue | Villager (Male) |
| 20:41 | Queue | Villager (Male) |
| 20:51 | Build | Outpost |
| 20:52 | Queue | Villager (Male) |
| 20:57 | Build | House |
| 21:39 | Research | Wheelbarrow |
| 21:40 | Queue | Villager (Male) |
| 21:44 | Build | Farm |
| 21:44 | Build | Farm |
| 21:45 | Build | Farm |
| 21:46 | Build | Farm |
| 21:47 | Build | Farm |
| 21:48 | Build | Farm |
| 21:49 | Build | Farm |
| 21:49 | Build | Farm |
| 21:55 | Build | Market |
| 21:58 | Queue | Villager (Male) |
| 21:58 | Queue | Villager (Male) |
| 22:03 | Build | House |
| 22:22 | Queue | Villager (Male) |
| 22:38 | Build | House |
| 22:45 | Queue | Villager (Male) |
| 22:45 | Queue | Villager (Male) |
| 23:04 | Build | Farm |
| 23:04 | Build | Farm |
| 23:05 | Build | Farm |
| 23:06 | Build | Farm |
| 23:07 | Build | Farm |
| 23:10 | Build | Mill |
Build order — BalvinatoR
First 150 of 310 actions detected
| 0:02 | Queue | Villager (Male) |
| 0:02 | Queue | Villager (Male) |
| 0:03 | Build | House |
| 0:04 | Build | House |
| 0:11 | Queue | Villager (Male) |
| 0:14 | Queue | Villager (Male) |
| 1:20 | Build | Palisade Wall |
| 1:20 | Build | Palisade Wall |
| 1:21 | Build | Palisade Wall |
| 1:36 | Build | Palisade Wall |
| 2:00 | Queue | Villager (Male) |
| 2:00 | Queue | Villager (Male) |
| 2:14 | Queue | Villager (Male) |
| 2:15 | Queue | Villager (Male) |
| 2:16 | Queue | Villager (Male) |
| 2:21 | Build | Palisade Wall |
| 2:24 | Build | Palisade Wall |
| 2:26 | Build | Palisade Wall |
| 2:37 | Build | Palisade Wall |
| 2:40 | Build | Palisade Wall |
| 2:52 | Queue | Villager (Male) |
| 3:15 | Queue | Villager (Male) |
| 3:15 | Queue | Villager (Male) |
| 3:35 | Build | Lumber Camp |
| 3:37 | Queue | Villager (Male) |
| 4:09 | Queue | Villager (Male) |
| 4:10 | Queue | Villager (Male) |
| 4:40 | Build | Palisade Wall |
| 4:43 | Queue | Villager (Male) |
| 4:55 | Queue | Villager (Male) |
| 5:00 | Build | House |
| 6:12 | Build | Dock |
| 6:26 | Queue | Villager (Male) |
| 6:48 | Queue | Villager (Male) |
| 6:54 | Build | House |
| 7:16 | Research | Loom |
| 7:24 | Queue | Fishing Ship |
| 7:40 | Research | Feudal Age |
| 9:17 | Build | Mining Camp |
| 9:52 | Age | Feudal Age |
| 9:55 | Build | Watch Tower |
| 9:57 | Queue | Villager (Male) |
| 9:59 | Research | Double-Bit Axe |
| 10:06 | Build | Lumber Camp |
| 10:11 | Queue | Villager (Male) |
| 10:17 | Build | House |
| 10:51 | Build | Stone Wall |
| 11:00 | Build | Stone Wall |
| 11:03 | Queue | Villager (Male) |
| 11:11 | Queue | Fishing Ship |
| 11:15 | Queue | Villager (Male) |
| 11:36 | Queue | Fishing Ship |
| 11:37 | Queue | Villager (Male) |
| 11:39 | Build | House |
| 12:03 | Queue | Villager (Male) |
| 12:09 | Queue | Fishing Ship |
| 12:28 | Build | Mill |
| 12:32 | Queue | Villager (Male) |
| 13:06 | Queue | Villager (Male) |
| 13:13 | Build | House |
| 13:19 | Queue | Villager (Male) |
| 13:25 | Queue | Fishing Ship |
| 13:28 | Build | Market |
| 13:34 | Build | Blacksmith |
| 14:00 | Queue | Villager (Male) |
| 14:09 | Queue | Fishing Ship |
| 14:28 | Queue | Villager (Male) |
| 14:39 | Build | Mining Camp |
| 14:47 | Queue | Fishing Ship |
| 14:48 | Queue | Villager (Male) |
| 14:59 | Build | Dock |
| 15:05 | Queue | Villager (Male) |
| 15:39 | Queue | Fishing Ship |
| 15:43 | Build | House |
| 15:57 | Research | Castle Age |
| 16:01 | Build | House |
| 16:04 | Queue | Fishing Ship |
| 16:05 | Build | House |
| 16:27 | Queue | Fishing Ship |
| 16:40 | Build | House |
| 16:48 | Research | Gold Mining |
| 17:14 | Queue | Villager (Male) |
| 17:18 | Build | Fish Trap |
| 17:23 | Build | Fish Trap |
| 17:25 | Queue | Fishing Ship |
| 17:28 | Build | Fish Trap |
| 17:35 | Research | Tech 906 |
| 17:42 | Queue | Fishing Ship |
| 17:46 | Build | Fish Trap |
| 18:02 | Build | Gate |
| 18:20 | Build | Stone Wall |
| 18:27 | Build | Stone Wall |
| 18:33 | Build | Stone Wall |
| 18:35 | Build | Stone Wall |
| 18:37 | Age | Castle Age |
| 18:46 | Queue | Villager (Male) |
| 18:49 | Queue | Fishing Ship |
| 18:52 | Build | Fish Trap |
| 19:05 | Build | University |
| 19:27 | Build | Gate |
| 19:43 | Queue | Villager (Male) |
| 19:45 | Queue | Fishing Ship |
| 19:47 | Build | Fish Trap |
| 19:51 | Build | Fish Trap |
| 19:55 | Build | Fish Trap |
| 20:01 | Queue | Fishing Ship |
| 20:03 | Queue | Villager (Male) |
| 20:12 | Build | Mining Camp |
| 20:34 | Build | Fish Trap |
| 20:36 | Queue | Villager (Male) |
| 20:54 | Build | Fish Trap |
| 21:23 | Queue | Villager (Male) |
| 21:33 | Build | Siege Workshop |
| 21:45 | Queue | Villager (Male) |
| 22:04 | Research | Imperial Age |
| 22:13 | Research | Bow Saw |
| 22:13 | Research | Bow Saw |
| 22:36 | Build | Barracks |
| 22:55 | Build | House |
| 22:57 | Build | House |
| 22:58 | Build | House |
| 22:59 | Build | House |
| 23:00 | Build | House |
| 23:07 | Build | Fish Trap |
| 23:19 | Build | Fish Trap |
| 23:31 | Research | Tech 906 |
| 23:31 | Research | Tech 906 |
| 23:58 | Build | Lumber Camp |
| 24:25 | Build | Archery Range |
| 24:58 | Queue | Villager (Male) |
| 25:02 | Build | Fish Trap |
| 25:05 | Build | Fish Trap |
| 25:07 | Build | Fish Trap |
| 25:16 | Build | Siege Workshop |
| 25:23 | Age | Imperial Age |
| 25:29 | Research | Chemistry |
| 25:29 | Queue | Villager (Male) |
| 25:44 | Build | Lumber Camp |
| 26:08 | Build | Archery Range |
| 26:11 | Build | Archery Range |
| 26:17 | Build | House |
| 26:17 | Build | House |
| 26:18 | Build | House |
| 26:30 | Queue | Villager (Male) |
| 26:30 | Queue | Villager (Male) |
| 26:34 | Queue | Villager (Male) |
| 26:51 | Build | House |
| 26:51 | Build | House |
| 26:52 | Build | House |
| 26:52 | Build | House |
Match timeline
| 0:52 | Granny Pumpkinz · wall_segment Palisade Wall x11 |
| 1:19 | InGodWeTrust · wall_segment Palisade Wall x7 |
| 1:20 | BalvinatoR · wall_segment Palisade Wall x1 |
| 1:20 | BalvinatoR · wall_segment Palisade Wall x1 |
| 1:21 | BalvinatoR · wall_segment Palisade Wall x1 |
| 1:24 | Granny Pumpkinz · wall_segment Palisade Wall x6 |
| 1:36 | BalvinatoR · wall_segment Palisade Wall x1 |
| 2:21 | Granny Pumpkinz · wall_segment Palisade Wall x3 |
| 2:21 | BalvinatoR · wall_segment Palisade Wall x1 |
| 2:22 | Granny Pumpkinz · wall_segment Palisade Wall x7 |
| 2:24 | BalvinatoR · wall_segment Palisade Wall x1 |
| 2:26 | BalvinatoR · wall_segment Palisade Wall x1 |
| 2:37 | BalvinatoR · wall_segment Palisade Wall x1 |
| 2:40 | BalvinatoR · wall_segment Palisade Wall x1 |
| 2:53 | Granny Pumpkinz · wall_segment Palisade Wall x1 |
| 3:51 | comastar · wall_segment Palisade Wall x1 |
| 3:53 | Granny Pumpkinz · wall_segment Palisade Wall x6 |
| 3:55 | comastar · wall_segment Palisade Wall x1 |
| 3:58 | OS+ | Tiggerr · wall_segment Palisade Wall x1 |
| 3:59 | comastar · wall_segment Palisade Wall x1 |
| 4:06 | comastar · wall_segment Palisade Wall x1 |
| 4:08 | OS+ | Tiggerr · wall_segment Palisade Wall x1 |
| 4:10 | comastar · wall_segment Palisade Wall x1 |
| 4:13 | Granny Pumpkinz · wall_segment Palisade Wall x3 |
| 4:15 | Granny Pumpkinz · wall_segment Palisade Wall x5 |
| 4:40 | BalvinatoR · wall_segment Palisade Wall x1 |
| 4:53 | comastar · wall_segment Palisade Wall x7 |
| 5:23 | Mununez · wall_segment Palisade Wall x1 |
| 5:25 | Mo_Tastic · first_building Dock |
| 5:29 | Mununez · wall_segment Palisade Wall x1 |
| 5:31 | Mununez · wall_segment Palisade Wall x1 |
| 5:32 | Mununez · wall_segment Palisade Wall x1 |
| 5:45 | comastar · wall_segment Palisade Wall x1 |
| 6:12 | BalvinatoR · first_building Dock |
| 6:21 | Mo_Tastic · wall_segment Palisade Wall x1 |
| 6:27 | Mo_Tastic · wall_segment Palisade Wall x1 |
| 6:32 | Mo_Tastic · wall_segment Palisade Wall x1 |
| 6:35 | Mo_Tastic · wall_segment Palisade Wall x1 |
| 7:58 | Mununez · wall_segment Palisade Wall x1 |
| 8:29 | Mununez · wall_segment Palisade Wall x1 |
| 8:57 | InGodWeTrust · first_building Barracks |
| 9:44 | OS+ | Tiggerr · age_up feudal |
| 9:52 | BalvinatoR · age_up feudal |
| 10:10 | comastar · wall_segment Palisade Wall x1 |
| 10:14 | comastar · wall_segment Palisade Wall x4 |
| 10:51 | BalvinatoR · wall_segment Stone Wall x3 |
| 10:59 | Mununez · age_up feudal |
| 11:00 | BalvinatoR · wall_segment Stone Wall x5 |
| 11:10 | Granny Pumpkinz · age_up feudal |
| 11:22 | Mo_Tastic · age_up feudal |
| 11:32 | InGodWeTrust · age_up feudal |
| 11:35 | comastar · age_up feudal |
| 11:45 | Mo_Tastic · wall_segment Stone Wall x11 |
| 11:48 | hobbes · age_up feudal |
| 11:50 | Mo_Tastic · wall_segment Stone Wall x7 |
| 12:02 | Granny Pumpkinz · wall_segment Stone Wall x5 |
| 12:04 | Granny Pumpkinz · wall_segment Stone Wall x3 |
| 12:05 | Granny Pumpkinz · wall_segment Stone Wall x1 |
| 12:07 | Granny Pumpkinz · wall_segment Stone Wall x2 |
| 12:09 | InGodWeTrust · first_building Siege Workshop |
| 12:20 | Granny Pumpkinz · wall_segment Stone Wall x9 |
| 12:29 | comastar · first_market_sell 100 stone |
| 12:29 | Granny Pumpkinz · wall_segment Stone Wall x6 |
| 12:30 | comastar · first_market_buy 100 food |
| 13:15 | OS+ | Tiggerr · age_up castle |
| 13:30 | OS+ | Tiggerr · first_building Monastery |
| 13:42 | comastar · wall_segment Stone Wall x6 |
| 13:47 | comastar · wall_segment Stone Wall x8 |
| 13:56 | Granny Pumpkinz · wall_segment Stone Wall x6 |
| 14:04 | Granny Pumpkinz · first_market_buy 100 stone |
| 14:30 | Granny Pumpkinz · wall_segment Stone Wall x1 |
| 14:34 | Granny Pumpkinz · wall_segment Stone Wall x1 |
| 14:36 | Mununez · age_up castle |
| 14:50 | OS+ | Tiggerr · first_building Siege Workshop |
| 14:51 | Mununez · first_market_buy 100 stone |
| 14:53 | Mo_Tastic · age_up castle |
| 14:59 | Granny Pumpkinz · wall_segment Stone Wall x1 |
| 15:20 | hobbes · age_up castle |
| 15:39 | comastar · age_up castle |
| 15:42 | Granny Pumpkinz · age_up castle |
| 15:42 | comastar · first_building Castle |
| 15:44 | hobbes · first_market_buy 100 stone |
| 15:54 | BalvinatoR · first_market_sell 100 stone |
| 16:02 | Mo_Tastic · first_market_buy 100 stone |
| 16:30 | Granny Pumpkinz · first_building Siege Workshop |
| 16:46 | comastar · first_building Monastery |
| 16:47 | Granny Pumpkinz · wall_segment Stone Wall x3 |
| 16:53 | Granny Pumpkinz · wall_segment Stone Wall x1 |
| 16:59 | Granny Pumpkinz · first_market_sell 100 food |
| 17:02 | Granny Pumpkinz · wall_segment Stone Wall x4 |
| 17:07 | Granny Pumpkinz · wall_segment Stone Wall x1 |
| 17:29 | Granny Pumpkinz · wall_segment Stone Wall x4 |
| 17:48 | Granny Pumpkinz · wall_segment Stone Wall x3 |
| 18:20 | BalvinatoR · wall_segment Stone Wall x5 |
| 18:25 | Granny Pumpkinz · wall_segment Stone Wall x1 |
| 18:27 | BalvinatoR · wall_segment Stone Wall x3 |
| 18:33 | BalvinatoR · wall_segment Stone Wall x2 |
| 18:35 | BalvinatoR · wall_segment Stone Wall x3 |
| 18:37 | BalvinatoR · age_up castle |
| 18:40 | hobbes · wall_segment Stone Wall x1 |
| 18:42 | OS+ | Tiggerr · wall_segment Palisade Wall x1 |
| 18:45 | hobbes · wall_segment Stone Wall x1 |
| 18:55 | Granny Pumpkinz · wall_segment Stone Wall x1 |
| 18:58 | Granny Pumpkinz · wall_segment Stone Wall x1 |
| 19:12 | Mo_Tastic · first_market_sell 100 wood |
| 20:06 | BalvinatoR · first_market_buy 100 food |
| 20:30 | Mununez · first_building Monastery |
| 20:41 | hobbes · wall_segment Stone Wall x1 |
| 20:47 | hobbes · first_building Monastery |
| 21:33 | BalvinatoR · first_building Siege Workshop |
| 21:34 | Granny Pumpkinz · wall_segment Stone Wall x10 |
| 22:36 | BalvinatoR · first_building Barracks |
| 23:39 | InGodWeTrust · first_market_buy 100 food |
| 23:54 | Mo_Tastic · first_building Monastery |
| 23:58 | Granny Pumpkinz · wall_segment Palisade Wall x1 |
| 24:25 | BalvinatoR · first_building Archery Range |
| 24:40 | Granny Pumpkinz · wall_segment Stone Wall x5 |
| 24:48 | hobbes · first_building Barracks |
| 25:08 | Mununez · first_building Barracks |
| 25:08 | Granny Pumpkinz · wall_segment Stone Wall x4 |
| 25:12 | hobbes · first_building Castle |
| 25:23 | BalvinatoR · age_up imperial |
| 25:27 | Granny Pumpkinz · wall_segment Stone Wall x5 |
| 25:30 | Granny Pumpkinz · wall_segment Stone Wall x2 |
| 25:39 | Granny Pumpkinz · wall_segment Stone Wall x1 |
| 25:46 | Mununez · first_building Archery Range |
| 25:49 | hobbes · first_market_sell 100 food |
| 25:49 | Mununez · first_building Stable |
| 25:52 | hobbes · first_building Stable |
| 25:54 | Granny Pumpkinz · wall_segment Stone Wall x1 |
| 26:03 | Granny Pumpkinz · wall_segment Stone Wall x1 |
| 26:06 | Granny Pumpkinz · wall_segment Stone Wall x1 |
| 26:08 | Mununez · first_building Castle |
| 26:22 | Granny Pumpkinz · wall_segment Stone Wall x1 |
| 26:36 | Mo_Tastic · first_building Siege Workshop |
| 26:41 | Mo_Tastic · first_building Castle |
| 26:50 | Granny Pumpkinz · wall_segment Stone Wall x1 |
| 27:33 | hobbes · age_up imperial |
| 27:37 | InGodWeTrust · age_up castle |
| 27:55 | Mununez · age_up imperial |
| 28:00 | Mo_Tastic · age_up imperial |
| 28:55 | OS+ | Tiggerr · first_building Barracks |
| 29:12 | Mo_Tastic · first_building Barracks |
| 29:28 | Mununez · first_market_sell 500 food |
| 30:45 | OS+ | Tiggerr · first_building Castle |
| 31:50 | Granny Pumpkinz · wall_segment Stone Wall x11 |
| 31:54 | Granny Pumpkinz · wall_segment Stone Wall x7 |
| 32:04 | Mo_Tastic · first_building Stable |
| 32:15 | hobbes · first_building Siege Workshop |
| 32:16 | Granny Pumpkinz · wall_segment Stone Wall x7 |
| 32:20 | Granny Pumpkinz · wall_segment Stone Wall x6 |
| 32:30 | OS+ | Tiggerr · age_up imperial |
| 32:36 | Granny Pumpkinz · wall_segment Stone Wall x1 |
| 32:37 | Granny Pumpkinz · wall_segment Stone Wall x1 |
| 32:48 | Granny Pumpkinz · wall_segment Stone Wall x2 |
| 32:50 | InGodWeTrust · first_building Stable |
| 32:51 | Granny Pumpkinz · wall_segment Stone Wall x1 |
| 32:58 | Granny Pumpkinz · wall_segment Stone Wall x1 |
| 33:08 | Granny Pumpkinz · first_building Barracks |
| 33:30 | Granny Pumpkinz · wall_segment Stone Wall x5 |
| 33:34 | Granny Pumpkinz · wall_segment Stone Wall x7 |
| 33:40 | InGodWeTrust · age_up imperial |
| 34:04 | Granny Pumpkinz · first_building Stable |
| 34:22 | Granny Pumpkinz · wall_segment Stone Wall x4 |
| 34:35 | Mununez · wall_segment Palisade Wall x1 |
| 35:10 | Granny Pumpkinz · age_up imperial |
| 35:45 | Mununez · tribute_sent a jugador 2 |
| 35:45 | Mununez · tribute_sent a jugador 3 |
| 35:45 | Mununez · tribute_sent a jugador 4 |
| 35:45 | Mununez · tribute_sent a jugador 5 |
| 35:45 | Mununez · tribute_sent a jugador 6 |
| 35:45 | Mununez · tribute_sent a jugador 7 |
| 35:45 | Mununez · tribute_sent a jugador 8 |
| 36:12 | InGodWeTrust · first_building Castle |
| 36:26 | comastar · first_building Siege Workshop |
| 37:04 | Mununez · first_building Siege Workshop |
| 37:12 | Granny Pumpkinz · wall_segment Stone Wall x3 |
| 37:16 | Granny Pumpkinz · wall_segment Stone Wall x1 |
| 37:21 | Granny Pumpkinz · wall_segment Stone Wall x7 |
| 37:24 | Granny Pumpkinz · wall_segment Stone Wall x1 |
| 37:32 | Mo_Tastic · first_building Archery Range |
| 38:41 | Granny Pumpkinz · wall_segment Stone Wall x6 |
| 38:53 | hobbes · tribute_sent a jugador 1 |
| 38:53 | hobbes · tribute_sent a jugador 2 |
| 38:53 | hobbes · tribute_sent a jugador 4 |
| 38:53 | hobbes · tribute_sent a jugador 5 |
| 38:53 | hobbes · tribute_sent a jugador 6 |
| 38:53 | hobbes · tribute_sent a jugador 7 |
| 38:53 | hobbes · tribute_sent a jugador 8 |
| 38:55 | Mununez · tribute_sent a jugador 2 |
| 38:55 | Mununez · tribute_sent a jugador 3 |
| 38:55 | Mununez · tribute_sent a jugador 4 |
| 38:55 | Mununez · tribute_sent a jugador 5 |
| 38:55 | Mununez · tribute_sent a jugador 6 |
| 38:55 | Mununez · tribute_sent a jugador 7 |
| 38:55 | Mununez · tribute_sent a jugador 8 |
| 39:33 | comastar · wall_segment Stone Wall x1 |
| 39:35 | comastar · wall_segment Stone Wall x1 |
| 39:36 | comastar · wall_segment Stone Wall x1 |
| 39:38 | comastar · wall_segment Stone Wall x1 |
| 40:08 | comastar · age_up imperial |
| 41:44 | Granny Pumpkinz · wall_segment Stone Wall x5 |
| 41:48 | comastar · first_building Barracks |
| 41:53 | Granny Pumpkinz · first_building Castle |
| 42:11 | comastar · wall_segment Stone Wall x1 |
| 44:17 | BalvinatoR · first_building Castle |
| 44:19 | comastar · wall_segment Stone Wall x1 |
| 44:30 | comastar · wall_segment Stone Wall x10 |
| 44:32 | comastar · wall_segment Stone Wall x3 |
| 44:54 | Mo_Tastic · resign |
[ AI ANALYSIS · 1 CREDIT ]
What really happened in this match?
Wolo.gg analyzes every decision: build order, eco, micro, common mistakes by bracket. Personalized analysis on WhatsApp or Discord in 30 seconds.
Civ guide
Celts
Perfil
Jugador #2121463